 Dungeon Crawl Stone Soup version 0.13-a0-2926-g9203b68 (webtiles) character file.

357 Bastard the Covert (level 5, 0/35 HPs)
             Began as a Vampire Enchanter on Sept 3, 2013.
             Killed from afar by an orc wizard (10 damage)
             ... with a puff of flame
             ... on Level 3 of the Dungeon.
             The game lasted 00:11:02 (3464 turns).

Bastard the Covert (Vampire Enchanter)              Turns: 3464, Time: 00:11:02

HP   0/35        AC  4     Str  8      XL: 5   Next: 40%
MP   2/9         EV 12     Int 17      God:
Gold 168         SH  0     Dex 14      Spells:  3 memorised,  0 levels left

Res.Fire  : . . .   See Invis. : +   a - +1,+2 dagger {=f}
Res.Cold  : . . .   Warding    : .   b - +1 robe
Life Prot.: + . .   Conserve   : .   (no shield)
Res.Poison: .       Res.Corr.  : .   (no helmet)
Res.Elec. : .       Clarity    : .   (no cloak)
Sust.Abil.: . .     Spirit.Shd : .   (no gloves)
Res.Mut.  : .       Stasis     : .   h - +0 pair of boots
Res.Rott. : .       Flight     : .   (no amulet)
Saprovore : . . .                    (no ring)
                                     o - ring of flight

@: slightly resistant to hostile enchantments, very stealthy
A: fangs 3, see invisible, unbreathing
a: Bat Form, Evoke Flight


You were on level 3 of the Dungeon.
You were not thirsty.

You visited 1 branch of the dungeon, and saw 3 of its levels.

You collected 148 gold pieces.

Inventory:

Hand weapons
 a - a +1,+2 dagger (weapon) {=f}
 k - a +1,+2 short sword of speed
Missiles
 d - 12 darts (quivered)
 e - 18 poisoned needles
Armour
 b - a +1 robe (worn)
 h - a +0 pair of boots (worn)
Scrolls
 j - 6 scrolls of remove curse {unknown}
Jewellery
 o - a ring of flight (left hand)
Potions
 f - a potion of restore abilities
 g - a potion of brilliance
 i - a potion of flight
 l - 2 potions of curing
 n - a potion of speed
Books
 c - a book of Maledictions

   Spells                             Type                      Level
   *Corona                            Hexes                        1
   Sure Blade                         Hexes/Charms                 2
   *Ensorcelled Hibernation           Hexes/Ice                    2
   *Confuse                           Hexes                        3
   Enslavement                        Hexes                        4
   Invisibility                       Hexes                        6


   Skills:
 + Level 2.6 Short Blades
 - Level 0.7 Throwing
 - Level 2.1 Dodging
 - Level 8.1 Stealth
 - Level 1.0 Spellcasting
 - Level 4.4 Hexes


You couldn't memorise any spells.
You knew the following spells:

 Your Spells              Type           Power        Failure   Level  Hunger
a - Corona                Hex            ###....      3%          1    ##.....
b - Ensorcelled Hibernat  Hex/Ice        #.....       17%         2    ###....
c - Confuse               Hex            ###.....     12%         3    ####...


Dungeon Overview and Level Annotations

Branches:
Dungeon (3/27)

Altars:
Nemelex Xobeh
Yredelemnul

Annotations:
D:2 exclusion: downstairs


Innate Abilities, Weirdness & Mutations

You have razor-sharp teeth.*
You have supernaturally acute eyesight.
You can survive without breathing.*


Message History

The orc wizard hits you but does no damage.
You hit the orc wizard but do no damage.
The orc wizard is severely wounded.
The orc wizard hits you with an orcish dagger.
You barely miss the orc wizard.
The orc wizard is severely wounded.
The orc wizard barely misses you.
The orc wizard points at you and mumbles some strange words.
The puff of frost hits you!
* * * LOW HITPOINT WARNING * * *
You hit the orc wizard.
The orc wizard is almost dead.
The orc wizard casts a spell.
The orc wizard flickers and vanishes for a moment.
The orc wizard becomes somewhat translucent.
Drink which item? (? for menu, Esc to quit)
You feel better.
The orc wizard gestures at you while chanting.
The puff of flame hits you!
You die...

#.# #..# #........# #..# #.#
#..# #........# #..# #.#
#..#####........# #..# #.#
#....(..........# #..# #.#
#...............# #..# #.#
#...............###..#
#.#####)..................>#
#..........................##
#..........o@................
#....................#####...
#....................# #.##
#...............###).# #.#
#...............# #..# #.#
#...............# #..# #.#
#<..............# #..# #.#
#...............# #..# #.#
#...............# #..# #.#


You could see an orc wizard (invisible).

Vanquished Creatures
  A hound (D:3)
  6 adders
  4 gnolls
  A worm (D:2)
  3 orcs (D:3)
  3 bats
  7 goblins
  6 hobgoblins
  5 jackals
  A quokka (D:2)
  4 giant cockroaches
  A giant gecko (D:3)
  2 giant newts (D:2)
  7 kobolds
  10 rats
  A spectral orc (D:3)
62 creatures vanquished.

Notes
Turn   | Place    | Note
--------------------------------------------------------------
     0 | D:1      | Bastard, the Vampire Enchanter, began the quest for the Orb.
     0 | D:1      | Reached XP level 1. HP: 13/13 MP: 4/4
   231 | D:1      | Reached XP level 2. HP: 8/19 MP: 3/5
   475 | D:1      | Learned a level 2 spell: Ensorcelled Hibernation
   690 | D:1      | Reached skill level 5 in Stealth
  1093 | D:2      | Reached XP level 3. HP: 24/24 MP: 6/6
  1112 | D:2      | Reached skill level 6 in Stealth
  1294 | D:2      | Found a sparkling altar of Nemelex Xobeh.
  1375 | D:2      | Reached XP level 4. HP: 23/30 MP: 0/8
  1463 | D:2      | Reached skill level 7 in Stealth
  2444 | D:2      | Reached skill level 8 in Stealth
  2687 | D:3      | Reached XP level 5. HP: 30/35 MP: 9/9
  2824 | D:3      | Found a basalt altar of Yredelemnul.
  2892 | D:3      | Learned a level 3 spell: Confuse
  3464 | D:3      | Killed from afar by an orc wizard

Action                   |  1- 3 |  4- 6 || total
-------------------------+-------+-------++-------
Melee: Dagger            |    52 |   116 ||   168
       Short sword       |    20 |       ||    20
Throw: Dart              |     1 |       ||     1
 Cast: Corona            |     1 |     3 ||     4
       Ensorcelled Hiber |    11 |    19 ||    30
       Confuse           |       |     1 ||     1
  Use: Scroll            |       |    10 ||    10
       Potion            |       |     2 ||     2
 Stab: Sleeping          |    11 |    17 ||    28
